 Dungeon Crawl Stone Soup version 0.28.0-45-g0d030f2227 (webtiles) character file.

Game seed: 6686219395516044486

11 CryoSword the Sneak (level 2, 0/13 HPs)
             Began as a Vine Stalker Enchanter on Apr 1, 2022.
             Slain by a jackal (1 damage)
             ... on level 1 of the Dungeon.
             The game lasted 00:00:36 (445 turns).

CryoSword the Sneak (Vine Stalker Enchanter)         Turns: 445, Time: 00:00:37

Health: 0/13       AC:  2    Str: 10    XL:     2   Next: 25%
Magic:  0/6        EV: 12    Int: 15    God:
Gold:   0          SH:  0    Dex: 14    Spells: 3/5 levels left

rFire   . . .      SeeInvis .   a - +1 dagger
rCold   . . .      Faith    .   (no shield)
rNeg    . . .      Spirit   +   b - +0 robe
rPois   .          Reflect  .   (no helmet)
rElec   .          Harm     .   (no cloak)
rCorr   .          Rampage  .   (no gloves)
Will    .....                   (no boots)
Stlth   ++........              (no amulet)
HPRegen 0.04/turn               (no ring)
MPRegen 0.10/turn               (no ring)

@: no status effects
A: fangs 2, magic shield, antimagic bite, no potion heal 2
a: no special abilities


You were on level 1 of the Dungeon.
You visited 1 branch of the dungeon, and saw 1 of its levels.

Inventory:

Hand Weapons
 a - a +1 dagger (weapon)
Armour
 b - a +0 robe (worn)
Scrolls
 d - a scroll of identify {unknown}
 e - a scroll of teleportation {unknown}
Potions
 c - a potion of invisibility


   Skills:
 + Level 0.3 Fighting
 * Level 1.2 Short Blades
 + Level 1.6 Dodging
 + Level 3.7 Stealth
 + Level 2.2 Spellcasting
 * Level 3.1 Hexes


You had 3 spell levels left.
You knew the following spells:

 Your Spells              Type           Power      Damage    Failure   Level
a - Ensorcelled Hibernat  Hex/Ice        12%        N/A       17%         2

Your spell library contained the following spells:

 Spells                   Type           Power      Damage    Failure   Level
 Confusing Touch          Hex            11%        N/A       17%         3
 Tukima's Dance           Hex            11%        N/A       17%         3
 Dazzling Flash           Conj/Hex       12%        N/A       34%         3


Dungeon Overview and Level Annotations

Branches:
Dungeon (1/15)

Altars:


Innate Abilities, Weirdness & Mutations

You have extremely sharp teeth.
When hurt, damage is shared between your health and your magic reserves.
Your bite disrupts and absorbs the magic of your enemies.
Potions cannot restore your health.


Message History

You closely miss the giant cockroach. You bite the giant cockroach.
You drain its power.
The giant cockroach bites you but does no damage.
You closely miss the giant cockroach.
You bite the giant cockroach, but do no damage.
The giant cockroach closely misses you.
You hit the giant cockroach but do no damage.
You bite the giant cockroach, but do no damage.
The giant cockroach bites you.
You hit the giant cockroach but do no damage.
You bite the giant cockroach. You drain its power.
The giant cockroach misses you. The giant cockroach bites you.
You hit the giant cockroach.
You kill the giant cockroach!
You see here a giant cockroach corpse.
You see here a giant cockroach corpse.
A ball python comes into view.
A ball python is nearby!
A ball python is nearby!
A ball python is nearby!
The ball python hisses angrily.
You hit the ball python.
You kill the ball python!
You have reached level 2!
Found 15 arrows.
Found a stone staircase leading down.
Found an escape hatch in the floor.
Found a robe and a ring mail.
You see here a +0 robe.
e - a scroll labelled FEYPNIEDDU You see here a +0 ring mail.
A bat comes into view.
A bat is nearby!
A bat is nearby!
A bat is nearby!
A bat is nearby!
The bat misses you. The bat hits you.
You hit the bat but do no damage. Your bite misses the bat.
The bat barely misses you.
You hit the bat. The bat barely misses you. The bat barely misses you.
You hit the bat but do no damage. You bite the bat.
You kill the bat!
No target in view!
You see here a bat corpse.
An endoplasm comes into view.
The endoplasm quivers.
An endoplasm is nearby!
An endoplasm is nearby!
An endoplasm is nearby!
You hit the endoplasm but do no damage. The endoplasm hits you.
You barely miss the endoplasm. The endoplasm completely misses you.
You hit the endoplasm but do no damage. The endoplasm hits you.
You hit the endoplasm. You bite the endoplasm. You drain its power.
You feel invigorated. The endoplasm closely misses you.
You hit the endoplasm but do no damage. The endoplasm hits you.
You barely miss the endoplasm. Your bite misses the endoplasm.
The endoplasm freezes you.
You are frozen.
You are too injured to fight recklessly!
You are too injured to fight recklessly!
Unknown command.
You don't know any spells.
Unknown command.
Unknown command.
You are too injured to fight recklessly!
You are too injured to fight recklessly!
You hit the endoplasm.
You bite the endoplasm, but do no damage.
The endoplasm barely misses you.
You hit the endoplasm.
You kill the endoplasm!
You start resting.
You start resting.
Memorise Ensorcelled Hibernation, consuming 2 spell levels and leaving 3?
You start memorising the spell.
You continue memorising. x2
You finish memorising.
Spell assigned to 'a'.
A bat comes into view.
Found 10 stones.
A bat is nearby!
A bat is nearby!
The bat barely misses you. The bat hits you but does no damage.
You hit the bat. Your bite misses the bat. The bat hits you.
A jackal comes into view.
The bat hits you but does no damage.
The jackal barks!
The bat closely misses you.
A jackal comes into view.
The bat closely misses you.
A jackal comes into view.
The bat closely misses you.
You closely miss the bat. Your bite misses the bat. The bat closely misses you.
The jackal bites you but does no damage.
You barely miss the bat. The bat misses you. The jackal bites you.
A goblin comes into view. It is wielding a +0 dagger.
The goblin shouts!
You hit the jackal but do no damage. You bite the jackal, but do no damage.
The bat hits you but does no damage. The jackal barely misses you.
The bat hits you.
The jackal barks!
You hit the bat.
You kill the bat!
You hit the goblin but do no damage. The goblin completely misses you.
The jackal completely misses you.
You closely miss the goblin. You bite the goblin. You drain its power.
You feel invigorated. The jackal misses you. The jackal bites you.
The goblin hits you with a +0 dagger. The jackal bites you. x2
You are too injured to fight recklessly!
You are too injured to fight recklessly!
You are too injured to fight recklessly!
You are too injured to fight recklessly!
You are too injured to fight recklessly!
You are too injured to fight recklessly!
You are too injured to fight recklessly!
You are too injured to fight recklessly!
You are too injured to fight recklessly!
You are too injured to fight recklessly!
You are too injured to fight recklessly!
You are too injured to fight recklessly!
You are too injured to fight recklessly!
The jackal closely misses you. The goblin hits you with a +0 dagger.
The jackal bites you but does no damage.
Aim: a jackal (chance to affect: 57%)
You miscast Ensorcelled Hibernation.
You are very lightly contaminated with residual magic.
Nothing appears to happen.
The jackal closely misses you.
You miss the jackal. The jackal bites you.
The jackal bites you but does no damage.
A jackal comes into view.
You barely miss the jackal.
The jackal barks!
Your punch misses the jackal. The jackal bites you.
* * * LOW HITPOINT WARNING * * *
You hit the jackal but do no damage. The jackal bites you.
* * * LOW HITPOINT WARNING * * *
You hit the jackal.
The jackal bites you but does no damage.
The jackal closely misses you. The jackal closely misses you.
Your magical contamination has completely faded away.
The jackal barely misses you.
You closely miss the jackal. The jackal completely misses you.
You hit the jackal. Your bite misses the jackal. The jackal closely misses you.
The jackal bites you.
* * * LOW HITPOINT WARNING * * *
You hit the jackal but do no damage. You punch the jackal, but do no damage.
The jackal bites you.
You die...

.... ...######.####.#.# #.#
.####...#.. ......#.#.# #.#
.#...#..#.####.#.##.#.# #.#
#......#.# #.#.##h#.# #.#
..#..#..#.# #.#.##g#.# #.#
........#.# #.#.##.#.# #.#
........#(# #.#..h.#.# #.#
######.#.####.###h.#.# #.#
#........##....@hh...# #.#
#.#####.###.#.######## #.# #.#
#..##.#.[......# #.# ##.#
##.##.#.######+# #.# ...#
#.##.#.# #.##### #########..#.#.#
...##+#......
...†...###.#.#.#####............#
####...# #.#.#[....#............+
# ########...#.....#............#


You could see 3 jackals.

Vanquished Creatures
  4 bats (D:1)
  An endoplasm (D:1)
  A giant cockroach (D:1)
  2 ball pythons (D:1)
  2 goblins (D:1)
10 creatures vanquished.

Notes
Turn   | Place    | Note
-------+----------+-------------------------------------------
     0 | D:1      | CryoSword the Vine Stalker Enchanter began the quest for
                  | the Orb.
     0 | D:1      | Reached XP level 1. HP: 9/9 MP: 4/4
   133 | D:1      | Found a faded altar of an unknown god.
   136 | D:1      | Reached skill level 1 in Short Blades
   252 | D:1      | Reached XP level 2. HP: 13/13 MP: 6/6
   408 | D:1      | Learned a level 2 spell: Ensorcelled Hibernation
   445 | D:1      | Slain by a jackal

Illustrated notes

Levels and vault maps discovered:
D:1:      erik_arrival_blinker_ship, layout_basic,
          chequers_ecumenical_altar_island

Skill      XL: |  1 |
---------------+----+-----
Short Blades   | 1 |  1.2
Fighting       | |  0.3
Dodging        | |  1.6
Stealth        | |  3.7
Spellcasting   | |  2.2
Hexes          | |  3.1

Action                   || total
-------------------------++-------
Melee: Dagger            ||    39
       Bite              ||     9
       Punch             ||     1
 Stab: Sleeping          ||     2
Armor: Robe              ||     9
Dodge: Dodged            ||    31
